AoeStats
← tbzachary

Hideout

507200205Analyzed
1v1 RM · 17d ago on Sep 17, 2026· 47m 53s· 2 players
Game mode
Random Map
Map size
Tiny (2 player)
Population
200
Speed
Normal
Resources
Standard
Victory
Conquest
Starting age
Dark Age
Ending age
Imperial Age
RankedLock teamsTeams togetherTeam positionsShared explorationLock speedFull tech treeHidden civsTurbo modeCheats
Victory
Defeat
🇺🇸 Mongols · United States
740
+18
🇨🇴 Hindustanis · Colombia
774
-18
tbzachary
9:58 Feudal Age
11:51 Double-Bit Axe
16:07 Castle Age
15:12 Horse Collar
19:03 Scale Barding Armor
19:09 Forging
19:04 Padded Archer Armor
18:55 Fletching
21:34 Bow Saw
21:35 Stone Mining
21:36 Gold Mining
22:51 Heavy Plow
23:15 Leather Archer Armor
23:43 Stone Shaft Mining
23:51 Gold Shaft Mining
26:13 Husbandry
26:25 Bloodlines
26:22 Bodkin Arrow
26:33 Scale Barding Armor
28:05 Forging
28:51 Loom
29:42 Wheelbarrow
31:05 Hand Cart
34:58 Imperial Age
34:24 Ballistics
35:11 Murder Holes
36:09 Drill
35:26 Onager
39:32 Chemistry
38:38 Siege Engineers
38:31 Siege Onager
40:45 Elite Steppe Lancer
42:54 Bracer
43:29 Iron Casting
43:40 Elite Mangudai
44:42 Drill
44:50 Drill
Jogonva
8:30 Loom
11:08 Feudal Age
11:46 Horse Collar
11:55 Double-Bit Axe
13:15 Man-at-Arms
15:56 Arson
16:47 Scale Mail Armor
20:59 Wheelbarrow
23:08 Castle Age
23:53 Gold Mining
23:55 Stone Mining
24:33 Forging
24:38 Chain Mail Armor
23:50 Long Swordsman
26:24 Iron Casting
26:15 Squires
28:54 Heavy Plow
29:00 Pikeman
35:02 Grand Trunk Road
38:17 Imperial Age
36:04 Husbandry
38:30 Gold Shaft Mining
38:36 Stone Shaft Mining
38:21 Town Watch
38:51 Bloodlines
39:34 Conscription
40:44 Blast Furnace
40:46 Conscription
40:10 Heavy Camel Rider
43:51 Ballistics
44:33 Chemistry
43:29 Imperial Camel Rider
44:24 Scale Barding Armor
46:20 Chain Barding Armor
Connection lost

Rejoining the realm…

Still unreachable

The connection could not be restored.

Session expired

The server has moved on; the page needs a fresh start.